 Dungeon Crawl Stone Soup version 0.19-a0-1071-g4ed3155 (webtiles) character file.

61 4thArraOfDagon the Skirmisher (level 3, 6/33 HPs)
             Began as a Minotaur Abyssal Knight on Aug 5, 2016.
             Was a Follower of Lugonu.
             Quit the game on level 6 of the Dungeon.
             The game lasted 00:02:40 (472 turns).

4thArraOfDagon the Skirmisher (MiAK)                 Turns: 472, Time: 00:02:40

Health: 6/33       AC:  7    Str: 17    XL:     3   Next: 83%
Magic:  3/3        EV:  9    Int:  9    God:    Lugonu [*.....]
Gold:   36         SH:  0    Dex:  9    Spells: 0 memorised, 2 levels left

rFire  . . .     SeeInvis .     a - +1 hand axe
rCold  . . .     Gourm    .     f - +0 scale mail
rNeg   . . .     Faith    .     (no shield)
rPois  .         Spirit   .     (helmet restricted)
rElec  .         Dismiss  .     h - +0 cloak
rCorr  .         Reflect  .     (no gloves)
SustAt .         Harm     .     (no boots)
MR     .....                    (no amulet)
Stlth  ..........               (no ring)
                                (no ring)

@: flying, slowed, very slow
A: retaliatory headbutt, horns 2
a: Depart the Abyss, Renounce Religion


You were on level 6 of the Dungeon.
You worshipped Lugonu.
Lugonu was aware of your devotion.
You were not hungry.

You visited 1 branch of the dungeon, and saw 6 of its levels.
You visited the Abyss 1 time.

You collected 36 gold pieces.

Inventory:

Hand Weapons
 a - a +1 hand axe (weapon)
Armour
 b - a +0 leather armour
 f - a +0 scale mail (worn)
 h - a +0 cloak (worn)
Scrolls
 d - 2 scrolls of remove curse
Comestibles
 c - a bread ration


   Skills:
 + Level 4.3 Fighting
 * Level 3.7 Axes
 + Level 3.0 Armour
 - Level 1.1 Dodging
 + Level 2.2 Invocations


You had 2 spell levels left.
You didn't know any spells.

Dungeon Overview and Level Annotations

Branches:
Dungeon (6/15)
 Temple: D:4-7

Altars:

Annotations:
D:4 crawlian's ghost, amateur DEFE


Innate Abilities, Weirdness & Mutations

You reflexively headbutt those who attack you in melee.
You have a pair of horns on your head.


Message History

The orc wizard hits you but does no damage.
The orc barely misses you. You furiously retaliate!
You headbutt the orc. The orc closely misses you.
The orc hits you but does no damage. The orc barely misses you.
The orc hits you but does no damage. x2
The orc wizard hits you but does no damage.
Unknown command.
As you read the scroll labeled GYICKI YLOZED, it crumbles to dust.
You feel blessed for a moment.
It was a scroll of remove curse.
The orc hits you from afar with a trident.
The orc wizard hits you but does no damage.
The orc hits you but does no damage. The orc hits you with a hand axe.
The orc closely misses you. The orc hits you but does no damage.
The orc hits you from afar with a trident.
* * * LOW HITPOINT WARNING * * *
The orc wizard barely misses you.
Unknown command.
Unknown command.
Okay, then.
Unknown command.
Are you sure you want to abandon this character and quit the game? (Confirm with "yes".)

**,,,,,,***###*
*,,,,,,,,,,,..*
**,,,,,,,****#.###
*,,,,,,,** #...#
*,,*,*,** ###...###
*,,*,*,**###.......#
*,>*,*,,,.........)#
,,,*,******#....oo<#
*,**,* ###oo@###
*,**,* #.oo# ,,**,*
#oo## ****,* #..*
*,,* #..* * *,**
#..* * *,* #..* *
*,* #..* * *,* *,,*


You could see an orc wizard and 7 orcs.

Vanquished Creatures
  A giant frog skeleton (D:4)
  An adder (D:4)
  5 orcs
  3 bats
  2 hobgoblins
  3 kobolds
  2 quokkas
  A giant newt (D:4)
  2 rats (D:1)
20 creatures vanquished.

Notes
Turn   | Place    | Note
-------+----------+-------------------------------------------
     0 | Abyss:1  | 4thArraOfDagon the Minotaur Abyssal Knight began the quest for the Orb.
     0 | Abyss:1  | Reached XP level 1. HP: 19/19 MP: 1/1
    32 | Abyss:1  | Noticed a large abomination
    65 | Abyss:1  | Noticed a hell hound
   105 | Abyss:2  | Noticed a small abomination
   119 | D:1      | Escaped the Abyss
   244 | D:1      | Reached * piety under Lugonu
   285 | D:2      | Reached XP level 2. HP: 21/27 MP: 2/2
   312 | D:3      | Reached skill level 4 in Fighting
   388 | D:4      | Reached XP level 3. HP: 21/33 MP: 3/3
   398 | D:4      | Noticed crawlian's ghost (amateur DEFE)
   446 | D:5      | Entered Level 5 of the Dungeon
   472 | D:6      | Quit the game

Vault maps used:
D:1:      dpeg_arrival_another_circle
D:2:      minmay_door_path, lemuel_coloured_pillars_altar, first_bread,
          grunt_gozag_breadcrumbs
D:3:      kennysheep_six_static_rooms, overflow_temple_1_default
D:4:      old_standard_altar, zin_angel, lemuel_doored_altar,
          portal_sewer_entry_a, corexii_corridor_pit, uniq_blork_the_orc
D:5:      basic_altar, uniq_eustachio
D:6:      mumra_celtic_spiral_tile, uniq_pikel
Abyss:2:  minivault_22

Skill      XL: |  1  2  3 |
---------------+----------+-----
Fighting       | 4 |  4.3
Axes           | 3 |  3.7
Invocations    | 2 |  2.2
Armour         | 3 |  3.0
Dodging        | |  1.1

Action                   || total
-------------------------++-------
Melee: Hand axe          ||    44
       Headbutt          ||     9
Invok: Depart the Abyss  ||     1
  Use: Potion            ||     3
       Scroll            ||     2
Armor: Scale mail        ||    41
Dodge: Dodged            ||    42
